 Dungeon Crawl Stone Soup version 0.30-a0-54-g2e61a25929 (webtiles) character file.

Game seed: 440222621005653341

53 MrFrogsmire the Gusty (level 3, -6/27 HPs)
             Began as a Draconian Air Elementalist on Sept 8, 2022.
             Was a Follower of Cheibriados.
             Mangled by a black bear (8 damage)
             ... created by the rage of Trog
             ... on level 2 of the Dungeon.
             The game lasted 00:11:55 (1541 turns).

MrFrogsmire the Gusty (Draconian Air Elementalist)  Turns: 1541, Time: 00:11:56

Health: -6/27      AC:  5    Str:  8 (12) XL:     3   Next: 62%
Magic:  6/6        EV: 12    Int: 19      God:    Cheibriados [*.....]
Gold:   62         SH:  0    Dex: 13      Spells: 0/6 levels left

rFire   . . .      SeeInvis .    f - +4 dagger
rCold   . . .      Faith    +    (no shield)
rNeg    . . .      Spirit   .    (body armour unavailable)
rPois   .          Reflect  .    (helmet restricted)
rElec   .          Harm     .    (no cloak)
rCorr   +          Rampage  .    (no gloves)
Will    .....                    (no boots)
Stlth   +.........               n - amulet of faith
HPRegen 0.09/turn                c - ring of resist corrosion
MPRegen 0.10/turn                (no ring)

@: confused, very slow
A: AC +5, unfitting armour, cold-blooded
a: Renounce Religion, Bend Time


You were on level 2 of the Dungeon.
You worshipped Cheibriados.
Cheibriados was aware of your devotion.
You visited 1 branch of the dungeon, and saw 2 of its levels.

You collected 62 gold pieces.

Inventory:

Hand Weapons
 d - a +0 quarterstaff
 f - a +4 dagger (weapon)
Missiles
 g - a javelin (quivered)
Armour
 j - a +0 ring mail
Jewellery
 c - a ring of resist corrosion (left hand)
 n - an amulet of faith (around neck)
Scrolls
 e - a scroll of vulnerability {unknown}
 k - a scroll of butterflies {unknown}
 l - a scroll of identify {unknown}
 m - a scroll of enchant weapon {unknown}
Potions
 a - a potion of magic
 b - a potion of haste {unknown}
 h - a potion of curing {unknown}
 i - a potion of attraction {unknown}


   Skills:
 + Level 0.6 Fighting
 + Level 0.8 Short Blades
 + Level 1.0 Staves
 + Level 0.5 Throwing
 + Level 2.2 Dodging
 + Level 2.3 Stealth
 - Level 2.1 Spellcasting
 - Level 1.0 Conjurations
 - Level 3.2 Air Magic


You couldn't memorise any spells.
You knew the following spells:

 Your Spells              Type           Power      Damage    Failure   Level
a - Shock                 Conj/Air       36%        1d5       7%          1
b - Static Discharge      Conj/Air       18%        3-5/arc   11%         2
c - Ozocubu's Armour      Ice            1%         N/A       45%         3

Your spell library contained the following spells:

 Spells                   Type           Power      Damage    Failure   Level
 Swiftness                Air            14%        N/A       14%         3
 Airstrike                Air            7%         2d(1-17)  41%         4
 Ozocubu's Refrigeration  Ice            0%         4d7       100%        7


Dungeon Overview and Level Annotations

Branches:
Dungeon (2/15)

Altars:
Cheibriados
Trog

Shops:
D:2 :


Innate Abilities, Weirdness & Mutations

Your plain brown scales are hard. (AC +5)
You cannot fit into any form of body armour.
You are cold-blooded and may be slowed by cold attacks.


Message History

You open the door.
There is an open door here.
A kobold comes into view. It is wielding a +0 dagger.
Found a plate armour.
A giant cockroach comes into view.
The flow of time bends around you.
You can no longer bend time to slow others.
Cheibriados lowers the support of your attributes as your movement quickens.
The kobold shouts!
Nothing quivered!
Nothing quivered!
Nothing quivered!
You hit the giant cockroach but do no damage.
The giant cockroach completely misses you.
You barely miss the giant cockroach.
Your tail-slap misses the giant cockroach.
The giant cockroach bites you but does no damage.
You hit the giant cockroach. You tail-slap the giant cockroach.
You kill the giant cockroach!
Cheibriados appreciates the change of pace.
You throw a javelin. The javelin pierces through the kobold!
You kill the kobold!
Cheibriados appreciates the change of pace.
You can now bend time to slow others.
Cheibriados raises the support of your attributes as your movement slows.
You hear a sizzling splash.
No target in view!
You see here a +0 dagger.
You see here a +0 plate armour.
Trog sends monsters to punish you. The divine experience confuses you!
You are confused. 2 polar bears and 2 black bears come into view.
You throw a javelin. You throw a javelin. The polar bear bites you!!
Ouch! That really hurt!
* * * LOW HITPOINT WARNING * * *
The polar bear claws you.
* * * LOW HITPOINT WARNING * * *
The polar bear closely misses you. The black bear bites you!
You die...

#.##...###### #......#
#.###.......# #...#### ..#
#...###.##############'##
#####..........#.....§..§...#
#...#...###....#...§..§..≈..#
....#........###..≈§≈§≈≈§≈..#####
#...#..#####.#.#h.≈..§.§.≈..#....
#.##..# #...#hh≈.§≈§§.≈..##### #.
#..# #...#@.≈§≈#[≈.§..# #.##..#
#..(#h.§.§≈≈≈.≈..#
#.#...#####...#..≈§§...)≈..#
#.#...........#..≈§§≈≈≈§≈..#
#......#####..#..§§§..§....#
###....######.#...(........# ##
#...........############## .#
#.##.#####..# #.# #..# #### .#
#.##.# #.<# #.# #..# #...


You could see 2 polar bears and 2 black bears.

Vanquished Creatures
  2 adders (D:2)
  A worm (D:2)
  2 ball pythons (D:2)
  A bat (D:2)
  5 endoplasms (D:2)
  3 giant cockroaches
  4 goblins
  3 hobgoblins
  A quokka (D:1)
  A frilled lizard (D:1)
  3 kobolds
  3 rats
29 creatures vanquished.

Notes
Turn   | Place    | Note
-------+----------+-------------------------------------------
     0 | D:1      | MrFrogsmire the Draconian Air Elementalist began the quest
                  | for the Orb.
     0 | D:1      | Reached XP level 1. HP: 14/14 MP: 3/3
   245 | D:1      | Found a faded altar of an unknown god.
   277 | D:1      | Prayed at the altar of an unknown god.
   277 | D:1      | Became a worshipper of Trog the Wrathful
   277 | D:1      | Reached * piety under Trog
   315 | D:1      | Was placed under penance by Trog
   322 | D:1      | Reached XP level 2. HP: 12/20 MP: 1/5
   753 | D:2      | Found a snail-covered altar of Cheibriados.
   763 | D:2      | Fell from the grace of Trog
   763 | D:2      | Became a worshipper of Cheibriados the Contemplative
   788 | D:2      | Learned a level 2 spell: Static Discharge
   997 | D:2      | Reached XP level 3. HP: 26/26 MP: 6/6
  1121 | D:2      | Found Kyihubib's Book Boutique.
  1188 | D:2      | Reached skill level 1 in Staves
  1201 | D:2      | Reached * piety under Cheibriados
  1217 | D:2      | Learned a level 3 spell: Ozocubu's Armour
  1222 | D:2      | Paralysed by Trog for 5 turns
  1540 | D:2      | Noticed a black bear
  1540 | D:2      | Noticed a polar bear
  1540 | D:2      | Noticed a polar bear
  1540 | D:2      | Noticed a black bear
  1541 | D:2      | Mangled by a black bear

Illustrated notes

Levels and vault maps discovered:
D:1:      giann_horns, layout_loops_corners,
          hellmonk_ecumenical_altar_arch_garden, st_stairs_11
D:2:      layout_loops_ring, serial_shops, nicolae_lakefront_shop, basic_altar,
          kennysheep_small_spiral, minmay_pentomino_q4

Skill      XL: |  1  2  3 |
---------------+----------+-----
Stealth        | 2 |  2.3
Dodging        | 2 |  2.2
Staves         | 1 |  1.0
Fighting       | |  0.6
Short Blades   | |  0.8
Throwing       | |  0.5
Spellcasting   | |  2.1
Conjurations   | |  1.0
Air Magic      | |  3.2

Action                   || total
-------------------------++-------
Melee: Quarterstaff      ||    11
       Dagger            ||    28
       Tailslap          ||     2
Throw: Javelin           ||    15
 Cast: Shock             ||    36
Invok: Bend Time         ||     2
Armor: Skin              ||    11
Dodge: Dodged            ||    25

Table legend: (Time is in decaauts)
 A = Elapsed time spent in this place.
 B = Non-inter-level travel time spent in this place.
 C = Inter-level travel time spent in this place.
 D = Time resting spent in this place.
 E = Time spent auto-exploring this place.
 F = Levels seen in this place.
 G = Mean time per level.
                   A        B        C        D        E       F      G
               +--------+--------+--------+--------+--------+-----+--------+
         Total |   1776 |    586 |   1190 |      0 |    113 |   2 |  888.0 |
       Dungeon |   1776 |    586 |   1190 |      0 |    113 |   2 |  888.0 |
               +--------+--------+--------+--------+--------+-----+--------+

Top non-repeatable levels by time:
     D:2: 1336 daAuts
     D:1: 439 daAuts
